 Dungeon Crawl Stone Soup version 0.18.1-48-g4cf74bf (webtiles) character file.

100 WarriorsX the Slasher (level 5, -4/42 HPs)
             Began as a Human Fighter on July 30, 2016.
             Killed from afar by Heedrag's ghost (11 damage)
             ... with an orb of energy
             ... on level 3 of the Dungeon.
             The game lasted 00:04:46 (2139 turns).

WarriorsX the Slasher (Human Fighter)               Turns: 2139, Time: 00:04:47

Health: -4/42      AC:  7    Str: 18    XL:     5   Next: 3%
Magic:  5/5        EV:  7    Int:  8    God:
Gold:   125        SH:  9    Dex: 12    Spells: 0 memorised, 4 levels left

rFire  . . .     SeeInvis .     a - +0 long sword
rCold  . . .     Gourm    +     b - +0 scale mail
rNeg   . . .     Faith    .     c - +0 shield
rPois  .         Spirit   .     (no helmet)
rElec  .         Dismiss  .     l - +0 cloak
rCorr  .         Reflect  .     (no gloves)
SustAt .         Harm     .     (no boots)
MR     .....                    p - amulet of the gourmand
Stlth  +.........               (no ring)
                                m - ring of stealth

@: lethally poisoned (-4 -> -6), not resistant to hostile enchantments, very
unstealthy
A: no striking features
a: no special abilities


You were on level 3 of the Dungeon.
You were not hungry.

You visited 1 branch of the dungeon, and saw 3 of its levels.

You collected 125 gold pieces.

Inventory:

Hand Weapons
 a - a +0 long sword (weapon)
Armour
 b - a +0 scale mail (worn)
 c - a +0 shield (worn)
 l - a +0 cloak (worn)
Jewellery
 m - a ring of stealth (left hand)
 n - an uncursed ring of sustain attributes
 p - an amulet of the gourmand (around neck)
 q - an uncursed ring of fire
Scrolls
 e - 2 scrolls of remove curse {unknown}
 g - 3 scrolls of identify {unknown}
 j - a scroll of enchant armour {unknown}
 k - 3 scrolls of random uselessness {unknown}
 t - a scroll of teleportation {unknown}
 v - a scroll of blinking {unknown}
Potions
 d - a potion of might
 i - a potion of agility {unknown}
 o - a potion of invisibility {unknown}
 r - a potion of haste {unknown}
 u - a potion of magic {unknown}
Comestibles
 f - 2 bread rations
 h - 3 fruits
 s - a meat ration


   Skills:
 + Level 3.8 Fighting
 - Level 4.1 Long Blades
 - Level 3.0 Armour
 - Level 3.0 Shields


You had 4 spell levels left.
You didn't know any spells.

Dungeon Overview and Level Annotations

Branches:
Dungeon (3/15)

Altars:
Fedhas
Xom

Annotations:
D:3 Heedrag's ghost, amateur DECj


Message History

The adder is almost dead.
The adder bites you. You block Heedrag's ghost's attack.
You closely miss the adder.
The adder is almost dead.
The adder bites you but does no damage. You block Heedrag's ghost's attack.
The adder bites you.
You are poisoned.
The adder poisons you! Heedrag's ghost hits you.
* * * LOW HITPOINT WARNING * * *
You miss the adder.
The adder is almost dead.
You feel sick. You block the adder's attack. Heedrag's ghost hits you.
* * * LOW HITPOINT WARNING * * *
The adder barely misses you.
You hit the adder.
You kill the adder!
You have reached level 5!
Heedrag's ghost gestures at you while chanting.
The orb of energy hits you!
You die...

#)# #.###########
#.# #.# ## #.#
#.##.. #.# #<##.#
#. #.##.# #
###.##.######.
#...#.........
#.######.##.#.....#
#....†@Wg.........#
########..#.#.....#
#..#...)...#
#..###.#.#......
................
##############...
##


You could see Heedrag's ghost and a hobgoblin.

Vanquished Creatures
  5 adders
  2 worms (D:2)
  A dart slug (D:1)
  A giant gecko (D:1)
  2 giant cockroaches
  9 goblins
  2 hobgoblins (D:1)
  5 kobolds
  2 quokkas (D:2)
  A ball python (D:2)
  6 bats
  4 giant newts
  11 rats
51 creatures vanquished.

Notes
Turn   | Place    | Note
--------------------------------------------------------------
     0 | D:1      | WarriorsX the Human Fighter began the quest for the Orb.
     0 | D:1      | Reached XP level 1. HP: 18/18 MP: 1/1
   218 | D:1      | Reached XP level 2. HP: 20/24 MP: 2/2
   628 | D:1      | Reached skill level 3 in Long Blades
   849 | D:2      | Reached XP level 3. HP: 29/29 MP: 3/3
   902 | D:2      | Found a shimmering altar of Xom.
  1115 | D:2      | Reached skill level 4 in Long Blades
  1115 | D:2      | Reached XP level 4. HP: 35/35 MP: 4/4
  1299 | D:2      | Found a blossoming altar of Fedhas.
  2111 | D:3      | Noticed Heedrag's ghost (amateur DECj)
  2139 | D:3      | Reached XP level 5. HP: 7/42 MP: 5/5
  2139 | D:3      | Killed from afar by Heedrag's ghost

Skill      XL: |  1  2  3 |
---------------+----------+-----
Long Blades    | 3 4 |  4.1
Fighting       | |  3.8
Armour         | |  3.0
Shields        | |  3.0

Action                   |  1- 3 |  4- 6 || total
-------------------------+-------+-------++-------
Melee: Long sword        |    79 |    87 ||   166
  Eat: Chunk             |     1 |     5 ||     6
Armor: Scale mail        |    34 |    43 ||    77
Dodge: Dodged            |    22 |    25 ||    47
Block: Shield            |    43 |    37 ||    80
